 Dungeon Crawl Stone Soup version bcrawl-1.27.6 (webtiles) character file.

Game seed: 13704881501689779031

193749 Faustar the Skirmisher (level 6, -3/41 HPs)
             Began as a Gargoyle Fighter on Sept 7, 2020.
             Was a Believer of Cheibriados.
             Slain by an ogre
             ... wielding a +0 giant club
              (21 damage)
             ... on level 4 of the Dungeon.
             The game lasted 00:04:56 (2686 turns).

Faustar the Skirmisher (Gargoyle Fighter)           Turns: 2686, Time: 00:04:57

Health: -3/41      AC: 12    Str: 25    XL:     6   Next: 44%
Magic:  6/6        EV:  9    Int: 13    God:    Cheibriados [**....]
Gold:   180        SH:  0    Dex: 13    Spells: 5/5 levels left

rFire    . . .     SeeInvis .   a - +1 flail
rCold    . . .     Gourm    .   (no shield)
rNeg     + . .     Faith    .   b - +0 scale mail
rPois    ∞         Spirit   .   (no helmet)
rElec    +         Reflect  .   l - +0 cloak
rCorr    .         Harm     .   (no gloves)
MR       .....                  (no boots)
Stlth    ..........             (no amulet)
HPRegen  0.13/turn              (no ring)
MPRegen  0.10/turn              (no ring)

@: very slow
A: negative energy resistance 1, electricity resistance, unbreathing,
petrification resistance, rot immunity, AC +4
a: Bend Time, Renounce Religion


You were on level 4 of the Dungeon.
You worshipped Cheibriados.
Cheibriados was pleased with you.
You were hungry.

You visited 1 branch of the dungeon, and saw 4 of its levels.

You collected 180 gold pieces.

Inventory:

Hand Weapons
 a - a +1 flail (weapon)
Armour
 b - a +0 scale mail (worn)
 c - a +0 medium shield
 l - a +0 cloak (worn)
 r - a +0 helmet
Jewellery
 h - an uncursed amulet of guardian spirit
 o - an uncursed ring of poison resistance {unknown}
Wands
 s - a wand of flame (6)
Scrolls
 j - a scroll of blinking
 m - 2 scrolls of remove curse
 n - 2 scrolls of amnesia {unknown}
 q - 2 scrolls of enchant armour {unknown}
 u - a scroll of noise {unknown}
Potions
 d - 3 potions of might
 f - 2 potions of brilliance {unknown}
 i - 2 potions of invisibility {unknown}
 k - a potion of haste {unknown}
 p - a potion of cancellation
 t - a potion of degeneration {unknown}
Comestibles
 e - 7 rations {!d}


   Skills:
 + Level 5.9 Fighting
 + Level 4.8 Maces & Flails
 - Level 3.2 Armour
 - Level 3.2 Shields


You had 5 spell levels left.
You didn't know any spells.
Your spell library was empty.

Dungeon Overview and Level Annotations

Branches:
Dungeon (4/12)
 Temple: D:4-7

Altars:
Cheibriados
Fedhas
Kikubaaqudgha
Okawaru
Sif Muna
The Shining One

Annotations:
D:3 exclusion: door


Innate Abilities, Weirdness & Mutations

You are resistant to torment.
Your stone body is resilient. (AC +4)
You are immune to poison.
You resist negative energy. (rN+)
You are resistant to electric shocks. (rElec)
You can survive without breathing.
You are immune to petrification.
You are immune to rotting.


Message History

You barely miss the ogre.
The ogre is moderately wounded.
You hit the ogre but do no damage.
The ogre is moderately wounded.
The ogre hits you with a +0 giant club.
You hit the ogre.
The ogre is heavily wounded.
The ogre hits you with a +0 giant club!
You hit the ogre.
The ogre is severely wounded.
The ogre barely misses you.
Evoke which item? (* to show all) (? for menu, Esc to quit)
Aiming: Throw Flame
Press: ? - help, Shift-Dir - straight line, f - ogre
Aim: an ogre, wielding a +0 giant club (severely wounded)
The puff of flame hits the ogre.
The ogre is almost dead.
The ogre hits you with a +0 giant club!!
Ouch! That really hurt!
You die...

###########..
#..........# ......
#..........#. ......
#............ .?....
#..........# #.....
#.....†....##.....#
#.................#
####..........###....###
..............'O@......#
####...^.....(###..###)#
# #######.#### #.# #.#
># #.# # #.# #.# #.# #.#


You could see an ogre.

Vanquished Creatures
  A centaur (D:3)
  2 scorpions
  Robin (D:2)
  3 adders (D:3)
  An ooze (D:2)
  2 worms (D:3)
  4 dart slugs (D:1)
  4 leopard geckos
  2 giant cockroaches (D:1)
  14 goblins
  10 hobgoblins
  5 jackals
  8 kobolds
  2 quokkas
  8 bats
  3 frilled lizards
  5 rats
75 creatures vanquished.

Notes
Turn   | Place    | Note
-------+----------+-------------------------------------------
     0 | D:1      | Faustar the Gargoyle Fighter began the quest for the Orb.
     0 | D:1      | Reached XP level 1. HP: 14/14 MP: 1/1
   152 | D:1      | Reached XP level 2. HP: 19/19 MP: 2/2
   320 | D:1      | Reached XP level 3. HP: 21/24 MP: 3/3
   343 | D:1      | Reached skill level 4 in Fighting
   479 | D:1      | Found a snail-covered altar of Cheibriados.
   516 | D:1      | Became a worshipper of Cheibriados the Contemplative
   907 | D:2      | Found a blossoming altar of Fedhas.
   908 | D:2      | Found an ancient bone altar of Kikubaaqudgha.
  1139 | D:2      | Noticed Robin
  1153 | D:2      | Reached XP level 4. HP: 27/30 MP: 4/4
  1158 | D:2      | Reached * piety under Cheibriados
  1244 | D:2      | Killed Robin
  1823 | D:3      | Found a shimmering blue altar of Sif Muna.
  1972 | D:3      | Found an iron altar of Okawaru.
  1998 | D:3      | Reached skill level 5 in Fighting
  1998 | D:3      | Reached XP level 5. HP: 35/35 MP: 5/5
  2029 | D:3      | Noticed a centaur
  2034 | D:3      | Killed a centaur
  2034 | D:3      | Reached ** piety under Cheibriados
  2034 | D:3      | Reached XP level 6. HP: 36/40 MP: 6/6
  2574 | D:4      | Found a glowing golden altar of the Shining One.
  2577 | D:4      | Noticed an angel
  2686 | D:4      | Slain by an ogre

Skill      XL: |  1  2  3  4 |
---------------+-------------+-----
Fighting       | 4 5 |  5.9
Maces & Flails | 3 4 |  4.8
Armour         | |  3.2
Shields        | |  3.2

Action                   |  1- 3 |  4- 6 || total
-------------------------+-------+-------++-------
Melee: Flail             |   115 |   112 ||   227
Evoke: Wand              |       |     1 ||     1
  Use: Scroll            |       |     7 ||     7
  Eat: Chunk             |     5 |     5 ||    10
Armor: Scale mail        |    63 |    77 ||   140
Dodge: Dodged            |    61 |    77 ||   138
Block: Medium shield     |     9 |       ||     9
